 Dungeon Crawl Stone Soup version 0.25-a0-503-ge281fa6 (webtiles) character file.

Game seed: 10955662442007309222, levelgen mode: deterministic

2713 15 the Ruffian (level 9, -1/90 HPs)
             Began as a Purple Draconian Transmuter on Feb 13, 2020.
             Was an Initiate of Wu Jian.
             Slain by an orc
             ... wielding a +2 vorpal flail
              (5 damage)
             ... on level 7 of the Dungeon.
             The game lasted 00:25:34 (6231 turns).

15 the Ruffian (Purple Draconian Transmuter)        Turns: 6231, Time: 00:25:34

Health: -1/90      AC:  6    Str: 15    XL:     9   Next: 39%
Magic:  10/17      EV: 11    Int: 15    God:    Wu Jian [......]
Gold:   213        SH:  0    Dex: 11    Spells: 4/19 levels left

rFire    x . .     SeeInvis +     - Unarmed
rCold    + + +     Gourm    .   (shield currently unavailable)
rNeg     . . .     Faith    .   (armour unavailable)
rPois    +         Spirit   .   (helmet currently unavailable)
rElec    .         Reflect  .   (cloak currently unavailable)
rCorr    .         Harm     .   (gloves currently unavailable)
MR       +....                  (boots currently unavailable)
Stlth    +.........             (no amulet)
HPRegen  0.25/turn              n - ring of see invisible
MPRegen  0.15/turn              (no ring)

@: ice-form, very slightly contaminated
A: large, (breathe power), unfitting armour, AC +7
a: End Transformation, Renounce Religion


You were on level 7 of the Dungeon.
You worshipped Wu Jian.
Wu Jian was noncommittal.
You were not hungry.
You were a creature of crystalline ice.
You visited 2 branches of the dungeon, and saw 9 of its levels.

You collected 408 gold pieces.
You spent 195 gold pieces at shops.

Inventory:

Hand Weapons
 j - a +2 antimagic lajatang
Missiles
 a - 90 arrows
Armour
 d - a +0 pair of boots (melded)
 u - a +0 pair of gloves (melded)
Jewellery
 n - a ring of see invisible (left front paw)
Wands
 p - a wand of random effects (25)
 t - a wand of digging (3)
Scrolls
 b - 4 scrolls of magic mapping
 g - 5 scrolls of remove curse
 h - 2 scrolls of teleportation
 i - a scroll of enchant weapon
 k - 2 scrolls of blinking {unknown}
 r - a scroll of fear {unknown}
 s - 2 scrolls of enchant armour {unknown}
Potions
 e - 2 potions of curing
 l - 3 potions of brilliance
 o - a potion of magic
Comestibles
 c - 12 rations
 f - 3 chunks of flesh


   Skills:
 * Level 5.8 Fighting
 * Level 4.5 Dodging
 + Level 1.0 Stealth
 + Level 6.8 Unarmed Combat
 * Level 5.8 Spellcasting
 * Level 5.2 Transmutations
 * Level 3.6 Ice Magic
 + Level 1.3 Poison Magic
 * Level 3.1 Evocations


You had 4 spell levels left.
You knew the following spells:

 Your Spells              Type           Power        Failure   Level  Hunger
a - Beastly Appendage     Tmut           ###...       1%          1    None
b - Sticks to Snakes      Tmut           ###.....     2%          2    #......
c - Spider Form           Tmut/Pois      ##........   12%         3    ###....
d - Ice Form              Ice/Tmut       ###.....     24%         4    ####...
e - Blade Hands           Tmut           ###.......   43%         5    ######.

Your spell library contained the following spells:

 Spells                   Type           Power        Failure   Level  Hunger


Dungeon Overview and Level Annotations

Branches:
Dungeon (8/15)             Temple (1/1) D:6
   Lair: D:8-11

Altars:
Ashenzari
Cheibriados
Dithmenos
Elyvilon
Fedhas
Gozag
Hepliaklqana
Kikubaaqudgha
Makhleb
Nemelex Xobeh
Okawaru
Qazlal
Ru
Sif Muna
Trog
Uskayaw
Wu Jian
Xom
Yredelemnul
The Shining One

Shops:
D:5 =   D:6 =


Innate Abilities, Weirdness & Mutations

((You can breathe bolts of dispelling energy.))
((Your rich purple scales are hard. (AC +7)))
You cannot fit into any form of body armour.
((You are cold-blooded and may be slowed by cold attacks.))


Message History

The orc warrior is moderately wounded.
The orc warrior hits you with a +0 mace!
You hit the orc warrior but do no damage.
The orc warrior is moderately wounded.
The orc warrior hits you with a +0 mace!
You punch the orc warrior! You freeze the orc warrior.
The orc warrior is heavily wounded.
The orc warrior hits you with a +0 mace!
* * * LOW HITPOINT WARNING * * *
You hit the orc warrior. You freeze the orc warrior.
The orc warrior is severely wounded.
You punch the orc warrior! You freeze the orc warrior.
You kill the orc warrior!
The Council accepts your kill.
You hit the orc. You freeze the orc.
The orc is heavily wounded.
The orc hits you with a +2 vorpal flail!
* * * LOW HITPOINT WARNING * * *
x2 The orc hits you with a +2 vorpal flail.
You die...

.####.##.#.. .#
#.....#.#.##
.###..##.#.#..###
...รท.............
#######..#.##.### #.
.........#.# ..# #...
#######.##.# #.# .....
#..<.....#.###.#####......
...........(....Yoo(......
.............#.#####......
...................# .....
###########..##.##.# ....
..........#..##..#.# ....
#####'#...#..###.#.#... ..
......#...#..# #...#..# #
......#...#..# ##..#..#
#####.#...#(.# #..#..####


You could see 2 orcs.

Vanquished Creatures
  Sigmund (D:5)
  Eustachio (D:6)
  Duvessa (D:7)
  3 orc warriors
  2 sky beasts
  2 phantoms
  3 ogres (D:6)
  A centaur (D:6)
  A big kobold (D:7)
  2 bullfrogs (D:6)
  Dowan (D:7)
  2 scorpions
  A howler monkey (D:4)
  A bullfrog zombie (D:6)
  A crimson imp (D:7)
  2 quasits
  4 hounds
  2 centaur zombies
  4 orc priests
  A centaur skeleton (D:4)
  4 orc wizards
  Ijyb (D:3)
  2 iguanas
  3 worker ants
  A worker ant zombie (D:7)
  A howler monkey zombie (D:6)
  8 adders
  2 shadow imps
  An adder skeleton (D:7)
  3 worms
  A dart slug (D:2)
  5 leopard geckos
  26 orcs
  5 giant cockroaches
  4 goblins
  6 hobgoblins
  13 jackals
  4 quokkas
  3 ball pythons (D:3)
  9 bats
  8 frilled lizards
  12 kobolds
  A leopard gecko zombie (D:7)
  5 rats
164 creatures vanquished.

Notes
Turn   | Place    | Note
-------+----------+-------------------------------------------
     0 | D:1      | 15 the Draconian Transmuter began the quest for the Orb.
     0 | D:1      | Reached XP level 1. HP: 16/16 MP: 3/3
    36 | D:1      | Reached XP level 2. HP: 22/23 MP: 5/5
   273 | D:1      | Learned a level 2 spell: Sticks to Snakes
   565 | D:2      | Reached XP level 3. HP: 28/28 MP: 2/6
   609 | D:2      | Learned a level 3 spell: Spider Form
   726 | D:2      | Found a shadowy altar of Dithmenos.
   927 | D:2      | Reached XP level 4. HP: 30/36 MP: 7/7
  1522 | D:3      | Reached XP level 5. HP: 23/45 MP: 4/8
  1617 | D:3      | Reached skill level 4 in Unarmed Combat
  1807 | D:3      | Found a burning altar of Makhleb.
  1910 | D:3      | Noticed Ijyb
  1950 | D:3      | Killed Ijyb
  1950 | D:3      | Reached XP level 6. HP: 52/52 MP: 10/10
  2605 | D:5      | Entered Level 5 of the Dungeon
  2617 | D:5      | Found Tunest's Jewellery Shoppe.
  2635 | D:5      | Bought an uncursed ring of see invisible for 195 gold
                  | pieces
  2805 | D:5      | Learned a level 4 spell: Ice Form
  2888 | D:5      | Your scales start taking on a rich purple colour.
  2888 | D:5      | Reached XP level 7. HP: 58/58 MP: 9/13
  2984 | D:5      | Reached skill level 5 in Unarmed Combat
  3263 | D:5      | Noticed Sigmund
  3266 | D:5      | Killed Sigmund
  3266 | D:5      | Reached skill level 1 in Ice Magic
  3266 | D:5      | Reached skill level 1 in Evocations
  3552 | D:5      | Found a stormy altar of Qazlal.
  3733 | D:6      | Learned a level 5 spell: Blade Hands
  3755 | D:6      | Reached XP level 8. HP: 29/67 MP: 13/15
  4361 | D:6      | Noticed Eustachio
  4622 | D:6      | Found Pumn's Jewellery Shop.
  4699 | D:6      | Reached skill level 5 in Spellcasting
  4808 | D:6      | Reached skill level 6 in Unarmed Combat
  4867 | D:6      | Reached skill level 1 in Poison Magic
  4884 | D:6      | Reached skill level 5 in Fighting
  4902 | D:6      | Reached skill level 5 in Transmutations
  5038 | D:6      | You fall into a shaft and drop 2 floors!
  5049 | D:8      | Reached skill level 1 in Stealth
  5049 | D:8      | Reached XP level 9. HP: 70/74 MP: 15/17
  5421 | D:6      | Found a staircase to the Ecumenical Temple.
  5427 | Temple   | Entered the Ecumenical Temple
  5432 | Temple   | Became a worshipper of the Wu Jian Council
  5661 | D:6      | Killed Eustachio
  5689 | D:6      | Found a sacrificial altar of Ru.
  5843 | D:7      | Noticed Dowan
  5843 | D:7      | Noticed Duvessa
  5864 | D:7      | Killed Dowan
  5894 | D:7      | Found an opulent altar of Gozag.
  6212 | D:7      | Killed Duvessa
  6231 | D:7      | HP: 4/90 [orc/+2 vorpal flail (3)]
  6231 | D:7      | Slain by an orc

Levels and vault maps discovered:
D:1:      sevenhm_arrival_forest_fort_large_4, layout_basic, chequers_garden
D:2:      layout_basic, nicolae_dithmenos_shadow_blocks
D:3:      layout_loops_ring, makhleb_heckhound_becter, first_ration, uniq_ijyb
D:4:      layout_basic, serial_corexii_hall, chequers_hall_statues_corner_a,
          corexii_hall_statues_deadend, chequers_hall_statues_corner_a
D:5:      layout_basic, grunt_qazlal_sundering, serial_shops, shop_coins,
          uniq_sigmund
D:6:      layout_basic, lemuel_coloured_pillars_altar,
          minmay_temple_entry_statues_pillars, serial_shops,
          kennysheep_mini_moat, patterned_corridor, uniq_eustachio
D:7:      layout_basic, nicolae_gozag_seed_capital, uniq_duvessa
D:8:      layout_rooms, serial_co_window_serial, co_window_paths_a,
          co_window_cross_1, co_window_paths_b, co_window_paths_b,
          co_window_paths_b, co_window_paths_a, co_window_corner_a,
          co_window_of_opportunity_c, co_window_cross_3, co_window_corner_b,
          co_window_2corner, co_window_of_opportunity_c,
          co_window_of_opportunity_b, co_window_broadway_a, glass_columns_b,
          glass_columns_a, glass_columns_c, glass_columns_b, uniq_erica,
          uniq_harold
Temple:   minmay_freezing_vapour_temple

Skill      XL: |  1  2  3  4  5  6  7  8  9 |
---------------+----------------------------+-----
Dodging        | 2 3 4 |  4.5
Fighting       | 2 3 4 5 |  5.8
Unarmed Combat | 4 5 6 |  6.8
Spellcasting   | 3 4 5 |  5.8
Transmutations | 3 4 5 |  5.2
Ice Magic      | 1 2 3 |  3.6
Evocations     | 1 2 3 |  3.1
Poison Magic   | 1 |  1.3
Stealth        | 1 |  1.0

Action                   |  1- 3 |  4- 6 |  7- 9 || total
-------------------------+-------+-------+-------++-------
Melee: Unarmed           |   127 |   240 |   346 ||   713
       Kick              |     3 |       |       ||     3
       Tailslap          |    15 |    18 |    22 ||    55
       Headbutt          |     3 |    21 |    17 ||    41
       Punch             |     1 |     6 |     4 ||    11
 Cast: Beastly Appendage |     8 |    16 |    18 ||    42
       Sticks to Snakes  |     1 |     8 |     2 ||    11
       Spider Form       |       |     1 |     8 ||     9
       Ice Form          |       |       |     2 ||     2
Invok: Lunge             |       |       |     4 ||     4
 Abil: Breathe Dispellin |       |       |     3 ||     3
Evoke: Wand              |       |     1 |    12 ||    13
  Use: Scroll            |     3 |     4 |     4 ||    11
       Potion            |       |     4 |     6 ||    10
 Stab: Distracted        |     1 |       |       ||     1
  Eat: Chunk             |       |     8 |    10 ||    18
       Ration            |       |       |     1 ||     1
Armor: Skin              |    47 |    97 |    72 ||   216
Dodge: Dodged            |    88 |   143 |   228 ||   459

Table legend:
 A = Non-vault XP
 B = Vault XP
 C = Vault XP percentage of total XP
 D = Non-vault monster count
 E = Vault monster count
 F = Vault count percentage of total count
                 A         B        C        D         E       F
            +---------+---------+-------+---------+---------+-------
      Total |    3148 |     729 |  18.8 |     158 |       6 |   3.7
            +---------+---------+-------+---------+---------+-------
        D:1 |      35 |       0 |   0.0 |      19 |       0 |   0.0
        D:2 |      76 |       0 |   0.0 |      21 |       0 |   0.0
        D:3 |     216 |      69 |  24.2 |      30 |       2 |   6.2
        D:4 |     219 |       0 |   0.0 |      11 |       0 |   0.0
        D:5 |     431 |     227 |  34.5 |      17 |       1 |   5.6
        D:6 |    1490 |     217 |  12.7 |      33 |       1 |   2.9
        D:7 |     522 |     216 |  29.3 |      22 |       2 |   8.3
        D:8 |     159 |       0 |   0.0 |       5 |       0 |   0.0
            +---------+---------+-------+---------+---------+-------
